SNL (28 & UNDER)
MONTGOMERY BISCUITS @ KEY WEST BARRACUDAS
05/30/2023
 
TOP OF THE 1ST
Montgomery Biscuits batting - Pitching for Key West Barracudas : RHP Cade Baird
Pitching: RHP Cade Baird
Batting: RHB Gabriel Miranda 0-0: Ball
1-0: Ball
2-0: Fly out, F7 (Flyball, 7LM)
Batting: RHB Orlando Sánchez 0-0: Ball
1-0: Foul Ball, location: 2F
1-1: Called Strike
1-2: Foul Ball, location: 2F
1-2: Strikes out swinging
Batting: LHB Ben Kelley 0-0: Ball
1-0: Fly out, F7 (Popup, 56D)
Top of the 1st over - 0 run(s), 0 hit(s), 0 error(s), 0 left on base; Montgomery 0 - Key West 0
BOTTOM OF THE 1ST
Key West Barracudas batting - Pitching for Montgomery Biscuits : RHP Mitch Brown
Pitching: RHP Mitch Brown
Batting: SHB Rodney Birling 0-0: Ball
1-0: Ball
2-0: Foul Ball, location: 2F
2-1: Swinging Strike
2-2: Fly out, F6 (Popup, 5DF)
Batting: SHB Patrick Larson 0-0: Ball
1-0: SINGLE (Groundball, 6MD)
Batting: RHB Zander Tremblett 0-0: Ground out 6-3 (Groundball, 4MS)
Patrick Larson to second
Batting: RHB Carlos Miranda 0-0: Ball
1-0: Ball
2-0: Ball
3-0: Base on Balls
Batting: RHB Luther Stoffels 0-0: Ball
1-0: Ball
2-0: Called Strike
2-1: Foul Ball, location: 2F
2-2: Ground out 5-3 (Groundball, 56)
Bottom of the 1st over - 0 run(s), 1 hit(s), 0 error(s), 2 left on base; Montgomery 0 - Key West 0
TOP OF THE 2ND
Montgomery Biscuits batting - Pitching for Key West Barracudas : RHP Cade Baird
Batting: LHB José Flores 0-0: Swinging Strike
0-1: Swinging Strike
0-2: Ball
1-2: Ball
2-2: Strikes out swinging
Batting: RHB Jean-Paul St-Pierre 0-0: Ball
1-0: Called Strike
1-1: Foul Ball, location: 2F
1-2: Strikes out swinging
Batting: RHB Dave Dawson 0-0: Called Strike
0-1: Swinging Strike
0-2: Strikes out swinging, 2-3 out at first.
Top of the 2nd over - 0 run(s), 0 hit(s), 0 error(s), 0 left on base; Montgomery 0 - Key West 0
BOTTOM OF THE 2ND
Key West Barracudas batting - Pitching for Montgomery Biscuits : RHP Mitch Brown
Batting: LHB Jake Wells 0-0: Ball
1-0: Fly out, F7 (Flyball, 7LMF)
Batting: RHB Dan Craft 0-0: Called Strike
0-1: Ball
1-1: Foul Ball, location: 2F
1-2: Foul Ball, location: 2F
1-2: Ground out 4-3 (Groundball, 4)
Batting: RHB Alfredo Pineda 0-0: Ball
1-0: Swinging Strike
1-1: Foul Ball, location: 2F
1-2: Ground out 4-3 (Groundball, 34)
Bottom of the 2nd over - 0 run(s), 0 hit(s), 0 error(s), 0 left on base; Montgomery 0 - Key West 0
TOP OF THE 3RD
Montgomery Biscuits batting - Pitching for Key West Barracudas : RHP Cade Baird
Batting: LHB António De Los Ángeles 0-0: Ball
1-0: Foul Ball, location: 2F
1-1: Called Strike
1-2: Foul Ball, location: 2F
1-2: Strikes out swinging
Batting: SHB Andrew Curran 0-0: Ball
1-0: Ball
2-0: Called Strike
2-1: Ball
3-1: SINGLE (Line Drive, 8RS)
Batting: RHB Juan Flores 0-0: Ball
1-0: Foul Ball, location: 2F
1-1: Ball
2-1: Swinging Strike
2-2: Ground out 5-3 (Groundball, 56S)
Andrew Curran to second
Batting: RHB Gabriel Miranda 0-0: Ball
1-0: Ball
2-0: Foul Ball, location: 2F
2-1: Ground out 1-3 (Groundball, 13S)
Top of the 3rd over - 0 run(s), 1 hit(s), 0 error(s), 1 left on base; Montgomery 0 - Key West 0
BOTTOM OF THE 3RD
Key West Barracudas batting - Pitching for Montgomery Biscuits : RHP Mitch Brown
Batting: LHB Arturo López 0-0: Called Strike
0-1: Swinging Strike
0-2: DOUBLE (Flyball, 8RXD)
Batting: SHB Rodney Birling 0-0: Foul Ball, location: 2F
0-1: Swinging Strike
0-2: Ball
1-2: DOUBLE (Popup, 5D)
Arturo López scores
Batting: SHB Patrick Larson 0-0: Ball
1-0: Ball
2-0: SINGLE (Groundball, 4MD)
Rodney Birling to third
Batting: RHB Zander Tremblett 0-0: Grounds into double play, 5-4-3 (Groundball, 5)
Rodney Birling scores
Batting: RHB Carlos Miranda 0-0: Ball
1-0: Called Strike
1-1: Fly out, F6 (Popup, 6M)
Bottom of the 3rd over - 2 run(s), 3 hit(s), 0 error(s), 0 left on base; Montgomery 0 - Key West 2
TOP OF THE 4TH
Montgomery Biscuits batting - Pitching for Key West Barracudas : RHP Cade Baird
Batting: RHB Orlando Sánchez 0-0: Foul Ball, location: 2F
0-1: Fly out, F7 (Flyball, 7S)
Batting: LHB Ben Kelley 0-0: Ball
1-0: Ball
2-0: Ground out 6-3 (Groundball, 6)
Batting: LHB José Flores 0-0: Ball
1-0: Called Strike
1-1: SINGLE (Flyball, 6MD)
Batting: RHB Jean-Paul St-Pierre 0-0: Ball
1-0: Fly out, F6 (Popup, 6MD)
Top of the 4th over - 0 run(s), 1 hit(s), 0 error(s), 1 left on base; Montgomery 0 - Key West 2
BOTTOM OF THE 4TH
Key West Barracudas batting - Pitching for Montgomery Biscuits : RHP Mitch Brown
Batting: RHB Luther Stoffels 0-0: Ball
1-0: Ball
2-0: Ball
3-0: Called Strike
3-1: Foul Ball, location: 2F
3-2: Base on Balls
Batting: LHB Jake Wells 0-0: Swinging Strike
0-1: Ball
1-1: Foul Ball, location: 2F
1-2: SINGLE (Groundball, 5D)
Luther Stoffels to second
Batting: RHB Dan Craft 0-0: Called Strike
0-1: Called Strike
0-2: Foul Ball, location: 2F
0-2: Ball
1-2: Ball
2-2: Ball
3-2: Strikes out swinging
Batting: RHB Alfredo Pineda 0-0: Ball
1-0: Swinging Strike
1-1: Ball
2-1: Fly out, F9 (Flyball, 89M)
Batting: LHB Arturo López 0-0: Called Strike
0-1: Swinging Strike
0-2: Ground out 5-3 (Groundball, 5S)
Bottom of the 4th over - 0 run(s), 1 hit(s), 0 error(s), 2 left on base; Montgomery 0 - Key West 2
TOP OF THE 5TH
Montgomery Biscuits batting - Pitching for Key West Barracudas : RHP Cade Baird
Batting: RHB Dave Dawson 0-0: Called Strike
0-1: Ball
1-1: Ball
2-1: Ball
3-1: SOLO HOME RUN (Flyball, 9D), Distance : 392 ft
Batting: LHB António De Los Ángeles 0-0: Called Strike
0-1: Foul Ball, location: 2F
0-2: Ball
1-2: Fly out, F7 (Line Drive, 6D)
Batting: SHB Andrew Curran 0-0: Called Strike
0-1: Ball
1-1: Fly out, F7 (Flyball, 8LM)
Batting: RHB Juan Flores 0-0: Ball
1-0: Ball
2-0: Called Strike
2-1: Foul Ball, location: 2F
2-2: Strikes out looking
Top of the 5th over - 1 run(s), 1 hit(s), 0 error(s), 0 left on base; Montgomery 1 - Key West 2
BOTTOM OF THE 5TH
Key West Barracudas batting - Pitching for Montgomery Biscuits : RHP Mitch Brown
Batting: SHB Rodney Birling 0-0: Swinging Strike
0-1: Swinging Strike
0-2: Ball
1-2: Strikes out swinging
Batting: SHB Patrick Larson 0-0: Ball
1-0: Ball
2-0: Called Strike
2-1: SINGLE (Line Drive, 8LS)
Batting: RHB Zander Tremblett 0-0: SINGLE (Line Drive, 8LS)
Patrick Larson to second
Batting: RHB Carlos Miranda 0-0: Grounds into double play, 5-4-3 (Groundball, 5)
Bottom of the 5th over - 0 run(s), 2 hit(s), 0 error(s), 1 left on base; Montgomery 1 - Key West 2
TOP OF THE 6TH
Montgomery Biscuits batting - Pitching for Key West Barracudas : RHP Cade Baird
Batting: RHB Gabriel Miranda 0-0: Ball
1-0: Foul Ball, location: 2F
1-1: Ball
2-1: Foul Ball, location: 2F
2-2: Foul Ball, location: 2F
2-2: Ball
3-2: Foul Ball, location: 2F
3-2: Base on Balls
Batting: RHB Orlando Sánchez 0-0: Called Strike
0-1: Swinging Strike
0-2: Ball
1-2: Strikes out swinging
Batting: LHB Ben Kelley 0-0: Called Strike
0-1: Grounds out, U3 (Groundball, 3L)
Batting: LHB José Flores 0-0: Called Strike
0-1: Foul Ball, location: 2F
0-2: Ball
1-2: Strikes out swinging
Top of the 6th over - 0 run(s), 0 hit(s), 0 error(s), 1 left on base; Montgomery 1 - Key West 2
BOTTOM OF THE 6TH
Key West Barracudas batting - Pitching for Montgomery Biscuits : RHP Mitch Brown
Batting: RHB Luther Stoffels 0-0: Fly out, F6 (Popup, 8LS)
Batting: LHB Jake Wells 0-0: Ball
1-0: Swinging Strike
1-1: Ball
2-1: Ball
3-1: Ground out 4-3 (Groundball, 34)
Batting: RHB Dan Craft 0-0: Called Strike
0-1: Foul Ball, location: 2F
0-2: Strikes out looking
Bottom of the 6th over - 0 run(s), 0 hit(s), 0 error(s), 0 left on base; Montgomery 1 - Key West 2
TOP OF THE 7TH
Montgomery Biscuits batting - Pitching for Key West Barracudas : RHP Cade Baird
Pitching: RHP Tom Clement
Batting: RHB Jean-Paul St-Pierre 0-0: Ball
1-0: Foul Ball, location: 2F
1-1: Foul Ball, location: 2F
1-2: Foul Ball, location: 2F
1-2: Foul Ball, location: 2F
1-2: Fly out, F4 (Popup, 4)
Batting: RHB Dave Dawson 0-0: Ball
1-0: Ball
2-0: Swinging Strike
2-1: Ball
3-1: Foul Ball, location: 2F
3-2: Strikes out looking
Pitching: LHP Lynn White
Batting: LHB António De Los Ángeles 0-0: Called Strike
0-1: SINGLE (Groundball, 4MD)
Pitching: RHP Steven O'Brien
Batting: SHB Andrew Curran 0-0: Ball
1-0: Ball
2-0: Ground out 3-1 (Groundball, 34S)
Top of the 7th over - 0 run(s), 1 hit(s), 0 error(s), 1 left on base; Montgomery 1 - Key West 2
BOTTOM OF THE 7TH
Key West Barracudas batting - Pitching for Montgomery Biscuits : RHP Mitch Brown
Batting: RHB Alfredo Pineda 0-0: Ball
1-0: Fly out, F9 (Flyball, 9S)
Batting: LHB Arturo López 0-0: Swinging Strike
0-1: Foul Ball, location: 2F
0-2: Ball
1-2: Strikes out swinging
Batting: SHB Rodney Birling 0-0: Ball
1-0: Called Strike
1-1: Called Strike
1-2: Strikes out swinging
Bottom of the 7th over - 0 run(s), 0 hit(s), 0 error(s), 0 left on base; Montgomery 1 - Key West 2
TOP OF THE 8TH
Montgomery Biscuits batting - Pitching for Key West Barracudas : RHP Steven O'Brien
Pitching: LHP Jaime Ayala
Batting: RHB Juan Flores 0-0: Foul Ball, location: 2F
0-1: Ground out 6-3 (Groundball, 6)
Batting: RHB Gabriel Miranda 0-0: Ball
1-0: Fly out, F3 (Popup, 3D)
Batting: RHB Orlando Sánchez 0-0: Called Strike
0-1: Ball
1-1: Ball
2-1: Called Strike
2-2: Ball
3-2: Foul Ball, location: 2F
3-2: Foul Ball, location: 2F
3-2: Strikes out looking
Top of the 8th over - 0 run(s), 0 hit(s), 0 error(s), 0 left on base; Montgomery 1 - Key West 2
BOTTOM OF THE 8TH
Key West Barracudas batting - Pitching for Montgomery Biscuits : RHP Mitch Brown
Pitching: RHP Domingo Ortíz
Batting: SHB Patrick Larson 0-0: Ground out 4-3 (Groundball, 4)
Batting: RHB Zander Tremblett 0-0: Called Strike
0-1: Ball
1-1: Fly out, F8 (Popup, 8RS)
Batting: RHB Carlos Miranda 0-0: Swinging Strike
0-1: Ball
1-1: Fly out, F4 (Popup, 4D)
Bottom of the 8th over - 0 run(s), 0 hit(s), 0 error(s), 0 left on base; Montgomery 1 - Key West 2
TOP OF THE 9TH
Montgomery Biscuits batting - Pitching for Key West Barracudas : LHP Jaime Ayala
Pitching: RHP Charlie Alexander
Batting: LHB Ben Kelley 0-0: Foul Ball, location: 2F
0-1: Called Strike
0-2: Ball
1-2: Ground out 6-3 (Groundball, 6)
Batting: LHB José Flores 0-0: Ball
1-0: Ball
2-0: Swinging Strike
2-1: Ground out 6-3 (Groundball, 6M)
Batting: RHB Jean-Paul St-Pierre 0-0: Ball
1-0: Foul Ball, location: 2F
1-1: Ground out 4-3 (Groundball, 4)
Top of the 9th over - 0 run(s), 0 hit(s), 0 error(s), 0 left on base; Montgomery 1 - Key West 2
This league is powered by Out of the Park Baseball, the baseball management simulation game for PC, Mac and Linux
Wednesday, December 2nd, 2015 - OOTP Baseball 16.8 Build 38